 Dungeon Crawl Stone Soup version 0.29.0-4-gdea44cf6ec (webtiles) character file.

Game seed: 55565784321045407

10714 qw the Severer (level 11, -19/97 HPs)
             Began as a Minotaur Fighter on Sept 4, 2022.
             Was a Believer of Ru.
             Killed from afar by a fire dragon (42 damage)
             ... with a blast of flame
             ... on level 10 of the Dungeon.
             The game lasted 00:03:39 (9139 turns).

qw the Severer (Minotaur Fighter)                   Turns: 9139, Time: 00:03:40

Health: -19/97     AC: 19    Str: 25    XL:     11   Next: 39%
Magic:  10/10      EV: 11    Int:  5    God:    Ru [**....]
Gold:   296        SH: 10    Dex: 10    Spells: 10/10 levels left

rFire   . . .      SeeInvis .   c - +0 broad axe
rCold   . . .      Faith    .   j - +0 kite shield
rNeg    . . .      Spirit   .   q - +5 plate armour
rPois   .          Reflect  .   r - +1 hat
rElec   .          Harm     .   m - scarf {repulsion}
rCorr   .          Rampage  .   (no gloves)
Will    +....                   (no boots)
Stlth   ..........              (no amulet)
HPRegen 0.26/turn               f - +4 ring of evasion
MPRegen 0.12/turn               (no ring)

@: lethally poisoned (-19 -> -32), slowed, repel missiles, very slow
A: horns 2, inability to use devices, retaliatory headbutt, strong-willed 1,
mutation resistance 1
a: Renounce Religion


You were on level 10 of the Dungeon.
You worshipped Ru.
Ru was pleased with you.
You visited 2 branches of the dungeon, and saw 11 of its levels.

You collected 557 gold pieces.
You spent 261 gold pieces at shops.


Innate Abilities, Weirdness & Mutations

You have a pair of horns on your head.
You cannot study or use magical devices.
You reflexively headbutt those who attack you in melee.
You are strong-willed. (Will+)
You are somewhat resistant to further mutation.


   Skills:
 - Level 9.1 Fighting
 - Level 16.0 Axes
 - Level 1.0 Throwing
 - Level 7.3 Armour
 - Level 4.4 Dodging
 + Level 9.3 Shields


You had 10 spell levels left.
You didn't know any spells.
Your spell library was empty.

Inventory:

Hand Weapons
 c - a +0 broad axe (weapon)
 h - a +3 flail
Missiles
 l - 12 boomerangs (quivered)
Armour
 j - a +0 kite shield (worn)
 m - a scarf of repulsion (worn)
 p - a +1 cloak of preservation
 q - a +5 plate armour (worn)
 r - a +1 hat (worn)
Jewellery
 f - a +4 ring of evasion (left hand)
 s - a +6 ring of intelligence
Scrolls
 b - 3 scrolls of teleportation
 g - 2 scrolls of identify
Potions
 a - 5 potions of curing
 d - 4 potions of might
 e - a potion of resistance
 i - 3 potions of mutation
 k - a potion of haste {unknown}
 o - a potion of degeneration {unknown}

Dungeon Overview and Level Annotations

Branches:
Dungeon (10/15)            Temple (1/1) D:7            Lair (0/5) D:9
    Orc (0/2) D:9

Altars:
Ashenzari
Cheibriados
Dithmenos
Fedhas
Gozag
Kikubaaqudgha
Makhleb
Qazlal
Ru
Sif Muna
Wu Jian
Yredelemnul
The Shining One

Shops:
D:10 *

Annotations:
D:7 2 transporters, qw's ghost, novice FoCA


Message History

You slash the shadow!
You destroy the shadow!
You hit the fire dragon.
The fire dragon bites you but does no damage.
You block the fire dragon's attack. The fire dragon misses you.
You slice the fire dragon!!
You headbutt the fire dragon, but do no damage.
The fire dragon is heavily wounded.
The fire dragon breathes flames at you. The blast of flame hits you!!
You hit the fire dragon but do no damage.
Your headbutt misses the fire dragon.
The fire dragon is heavily wounded.
You hit the hornet but do no damage. The hornet stings you!
You are poisoned.
You feel yourself slow down. You block the fire dragon's attack. x2
The fire dragon tramples you but does no damage.
The hornet stings you but does no damage.
You hit the fire dragon but do no damage.
The fire dragon is heavily wounded.
You miss the hornet.
You feel very sick. You block the hornet's attack.
You block the fire dragon's attack. x2
The fire dragon tramples you but does no damage.
The hornet stings you.
You are more poisoned.
You feel as though you will be slow longer.
You block the fire dragon's attack.
The fire dragon claws you but does no damage.
The fire dragon tramples you but does no damage.
You hit the fire dragon.
You headbutt the fire dragon, but do no damage.
The fire dragon is heavily wounded.
You slash the hornet!
You feel very sick. You block the hornet's attack.
The fire dragon breathes flames at you. The blast of flame hits you!!!
You die...

#.#####.## .. ### ##.##
... ..# #...# ##.# #.#
#......#.. .....#.#
#..###...# D..#.# #..#
##.## D.D## #..# #. #Dy#
#..# #. #@.#### #..# #.#
#.....# #..####.##
#.......#.#.###.........
#...#####.#......)....##
.. #.######.####... ..#
#)# #### ### #.#######
#)....... #########


You could see a fire dragon (catching breath), a hornet and an acid dragon.

Vanquished Creatures
  A two-headed ogre (D:10)
  A tengu warrior (D:9)
  Pikel (D:5)
  An ugly thing (D:10)
  A cyclops (D:8)
  Maggie (D:8)
  Psyche (D:9)
  A tengu conjurer (D:9)
  2 polar bears (D:9)
  A troll (D:9)
  Grinder (D:4)
  3 hornets
  A shadow (D:10)
  A vampire (D:10)
  6 yaks (D:10)
  A wraith (D:10)
  3 water moccasins
  An acid dragon (D:8)
  2 sky beasts
  2 ice beasts
  4 orc warriors
  3 black bears
  An ogre (D:5)
  3 wolves (D:9)
  3 centaurs
  3 lemures (D:5)
  A bullfrog (D:8)
  Blork the orc (D:4)
  A necrophage (D:4)
  2 scorpions
  2 kobold brigands
  19 wights
  4 killer bees (D:9)
  2 howler monkeys (D:9)
  8 hounds
  A jelly (D:6)
  4 orc priests
  A gnoll bouda (D:5)
  Natasha (twice) (D:3)
  Terence (D:3)
  6 iguanas
  8 orc wizards
  3 gnolls (D:5)
  A river rat (D:4)
  6 adders
  A howler monkey simulacrum (D:9)
  6 white imps
  2 ufetubi
  3 worms
  A dart slug (D:5)
  26 orcs
  4 endoplasms
  2 giant cockroaches (D:4)
  5 goblins
  10 hobgoblins
  8 jackals (D:1)
  16 kobolds
  4 quokkas
  4 ball pythons
  6 bats
  3 frilled lizards
  4 rats
227 creatures vanquished.

Vanquished Creatures (others)
  A wight (D:9)
  4 plants (D:10)
5 creatures vanquished.

Grand Total: 232 creatures vanquished

Notes
Turn   | Place    | Note
-------+----------+-------------------------------------------
     0 | D:1      | qw the Minotaur Fighter began the quest for the Orb.
     0 | D:1      | Reached XP level 1. HP: 19/19 MP: 0/0
     0 | D:1      | 0 ||| qw: Version: 0.1-a-103-gd6f5d3a
     0 | D:1      | 0 ||| qw: Game counter: 5550
     0 | D:1      | 0 ||| qw: Always use a shield: true
     0 | D:1      | 0 ||| qw: God list: Ru
     0 | D:1      | 0 ||| qw: Allow faded altars: false
     0 | D:1      | 0 ||| qw: Do Orc after D:15 true
     0 | D:1      | 0 ||| qw: Do second Lair branch before Depths: true
     0 | D:1      | 0 ||| qw: Lair rune preference: random
     0 | D:1      | 0 ||| qw: Plans: Normal
     0 | D:1      | 0 ||| PLANNING D:1-11
    54 | D:1      | Reached skill level 3 in Axes
   112 | D:1      | Reached XP level 2. HP: 15/26 MP: 1/1
   504 | D:1      | Reached skill level 4 in Axes
   714 | D:1      | Reached XP level 3. HP: 31/31 MP: 2/2
  1240 | D:1      | 1240 ||| Stepping ~*~*~tactically~*~*~ (stealth).
  1241 | D:1      | 1241 ||| Stepping ~*~*~tactically~*~*~ (stealth).
  1314 | D:1      | 1314 ||| DROPPING orb of energy.
  1315 | D:1      | 1315 ||| READING scroll labelled CIRROL ZONISUA.
  1316 | D:1      | 1316 ||| READING scroll labelled GUGIFE MEWK.
  1317 | D:1      | 1317 ||| READING scroll labelled COODENLIRO.
  1383 | D:2      | 1383 ||| READING scroll of enchant weapon.
  1383 | D:2      | 1383 ||| ENCHANTING +1 war axe.
  1412 | D:2      | 1412 ||| DROPPING +0 club.
  1866 | D:2      | 1866 ||| UPGRADING to +0 chain mail.
  1876 | D:2      | 1876 ||| DROPPING +0 scale mail.
  1877 | D:2      | 1877 ||| READING scroll labelled MUKOAPR YRCHAID.
  1878 | D:2      | 1878 ||| READING scroll labelled NOSOMI MYLUSHRE.
  1879 | D:2      | 1879 ||| READING scroll labelled GAWNIA GONAPS.
  1880 | D:2      | 1880 ||| DRINKING 3 lumpy puce potions.
  1880 | D:2      | Gained mutation: Your system is resistant to poisons.
                  | (rPois) [potion of mutation]
  1880 | D:2      | Gained mutation: You are agile. (Dex +4, Str/Int -1)
                  | [potion of mutation]
  1880 | D:2      | Gained mutation: You occasionally lose the ability to read
                  | scrolls when taking damage. [potion of mutation]
  1880 | D:2      | Gained mutation: You expend magic power (3 MP) to
                  | strengthen your wands. [potion of mutation]
  1881 | D:2      | 1881 ||| DRINKING 2 potions of mutation.
  1881 | D:2      | Lost mutation: You are agile. (Dex +4, Str/Int -1) [potion
                  | of mutation]
  1881 | D:2      | Lost mutation: Your system is resistant to poisons. (rPois)
                  | [potion of mutation]
  1881 | D:2      | Gained mutation: You are frail. (-10% HP) [potion of
                  | mutation]
  1881 | D:2      | Gained mutation: You are agile. (Dex +4, Str/Int -1)
                  | [potion of mutation]
  1882 | D:2      | 1882 ||| DRINKING potion of mutation.
  1882 | D:2      | Lost mutation: You expend magic power (3 MP) to strengthen
                  | your wands. [potion of mutation]
  1882 | D:2      | Lost mutation: You are frail. (-10% HP) [potion of
                  | mutation]
  1882 | D:2      | Lost mutation: You are agile. (Dex +4, Str/Int -1) [potion
                  | of mutation]
  1882 | D:2      | Gained mutation: You are weak. (Str -2) [potion of
                  | mutation]
  1882 | D:2      | Gained mutation: You are strong-willed. (Will+) [potion of
                  | mutation]
  1882 | D:2      | Gained mutation: You occasionally lose the ability to drink
                  | potions when taking damage. [potion of mutation]
  1882 | D:2      | Gained mutation: You are highly strong-willed. (Will++)
                  | [potion of mutation]
  2249 | D:3      | Noticed Natasha
  2258 | D:3      | Killed Natasha
  2259 | D:3      | Reached skill level 5 in Axes
  2259 | D:3      | Reached XP level 4. HP: 27/39 MP: 3/3
  2389 | D:3      | Noticed Natasha
  2397 | D:3      | Killed Natasha
  2426 | D:3      | Found a faded altar of an unknown god.
  2437 | D:3      | Noticed Terence
  2443 | D:3      | Killed Terence
  2444 | D:3      | Reached skill level 6 in Axes
  2471 | D:3      | 2471 ||| DROPPING +0 whip.
  2593 | D:3      | 2593 ||| UPGRADING to +0 plate armour.
  2603 | D:3      | 2603 ||| DROPPING +0 chain mail.
  2604 | D:3      | 2604 ||| READING scroll of enchant armour.
  2604 | D:3      | 2604 ||| ENCHANTING +0 plate armour.
  2605 | D:3      | 2605 ||| READING 2 scrolls labelled VUGISECSI WIAC.
  2608 | D:3      | 2608 ||| READING scroll labelled YSYSAC YPHEUCW.
  2745 | D:3      | 2745 ||| READING scroll labelled VYTZU DEONINUCI.
  2746 | D:3      | 2746 ||| READING scroll labelled JEGENYDAXTECU.
  2747 | D:3      | 2747 ||| READING scroll labelled QUEQOIV NUL TIMUE.
  2878 | D:4      | 2878 ||| PLANNING SEWER
  2884 | D:4      | Reached skill level 1 in Dodging
  2884 | D:4      | Reached XP level 5. HP: 45/45 MP: 4/4
  2902 | D:4      | Reached skill level 7 in Axes
  2979 | D:4      | Found an ornate altar of the Wu Jian Council.
  3057 | D:4      | Reached XP level 6. HP: 40/52 MP: 5/5
  3150 | D:4      | Noticed Grinder
  3154 | D:4      | Killed Grinder
  3155 | D:4      | Reached skill level 8 in Axes
  3181 | D:4      | Reached skill level 9 in Axes
  3181 | D:4      | Reached XP level 7. HP: 59/59 MP: 6/6
  3187 | D:4      | 3187 ||| Stepping ~*~*~tactically~*~*~ (stealth).
  3375 | D:4      | Noticed Blork the orc
  3381 | D:4      | Killed Blork the orc
  3568 | D:4      | 3568 ||| RIP SEWER
  3578 | D:4      | 3578 ||| PLANNING D:1-11
  3578 | D:4      | 3578 ||| DROPPING scarf of invisibility.
  3613 | D:5      | Entered Level 5 of the Dungeon
  3645 | D:5      | 3645 ||| Stepping ~*~*~tactically~*~*~ (stealth).
  3646 | D:5      | 3646 ||| Stepping ~*~*~tactically~*~*~ (stealth).
  3646 | D:5      | Noticed Pikel
  3647 | D:5      | 3647 ||| Stepping ~*~*~tactically~*~*~ (stealth).
  3648 | D:5      | 3648 ||| Stepping ~*~*~tactically~*~*~ (stealth).
  3649 | D:5      | 3649 ||| Stepping ~*~*~tactically~*~*~ (stealth).
  3650 | D:5      | 3650 ||| Stepping ~*~*~tactically~*~*~ (stealth).
  3651 | D:5      | 3651 ||| Stepping ~*~*~tactically~*~*~ (stealth).
  3652 | D:5      | 3652 ||| Stepping ~*~*~tactically~*~*~ (stealth).
  3661 | D:5      | Killed Pikel
  3662 | D:5      | Reached skill level 10 in Axes
  3662 | D:5      | Reached XP level 8. HP: 43/68 MP: 7/7
  3788 | D:5      | 3788 ||| DRINKING potion of mutation.
  3788 | D:5      | Lost mutation: You occasionally lose the ability to read
                  | scrolls when taking damage. [potion of mutation]
  3788 | D:5      | Lost mutation: You are highly strong-willed. (Will++)
                  | [potion of mutation]
  3788 | D:5      | Lost mutation: You are weak. (Str -2) [potion of mutation]
  3788 | D:5      | Gained mutation: You are dopey. (Int -2) [potion of
                  | mutation]
  3788 | D:5      | Lost mutation: You are dopey. (Int -2) [potion of mutation]
  3788 | D:5      | Lost mutation: You occasionally lose the ability to drink
                  | potions when taking damage. [potion of mutation]
  3788 | D:5      | Gained mutation: You are somewhat resistant to further
                  | mutation. [potion of mutation]
  3803 | D:5      | 3803 ||| Stepping ~*~*~tactically~*~*~ (hiding).
  3931 | D:5      | 3931 ||| Stepping ~*~*~tactically~*~*~ (stealth).
  3936 | D:5      | Reached skill level 1 in Throwing
  4025 | D:5      | 4025 ||| FLEEEEING.
  4028 | D:5      | 4028 ||| FLEEEEING.
  4029 | D:5      | 4029 ||| FLEEEEING.
  4030 | D:5      | 4030 ||| FLEEEEING.
  4036 | D:5      | Reached skill level 6 in Fighting
  4039 | D:5      | Reached skill level 11 in Axes
  4043 | D:5      | 4043 ||| FLEEEEING.
  4044 | D:5      | 4044 ||| FLEEEEING.
  4045 | D:5      | 4045 ||| FLEEEEING.
  4046 | D:5      | 4046 ||| FLEEEEING.
  4047 | D:5      | 4047 ||| FLEEEEING.
  4054 | D:5      | 4054 ||| FLEEEEING.
  4055 | D:5      | 4055 ||| FLEEEEING.
  4056 | D:5      | 4056 ||| FLEEEEING.
  4121 | D:5      | Found a stormy altar of Qazlal.
  4459 | D:5      | 4459 ||| DRINKING 3 bubbling red potions.
  4460 | D:5      | 4460 ||| DRINKING 2 sedimented clear potions.
  4461 | D:5      | 4461 ||| DRINKING 2 inky potions.
  4462 | D:5      | 4462 ||| DROPPING potion of attraction.
  4463 | D:5      | 4463 ||| DROPPING potion of brilliance.
  4523 | D:6      | 4523 ||| READING scroll of enchant armour.
  4523 | D:6      | 4523 ||| ENCHANTING +1 plate armour.
  4587 | D:6      | Reached skill level 12 in Axes
  4597 | D:6      | 4597 ||| Stepping ~*~*~tactically~*~*~ (stealth).
  4652 | D:6      | Reached XP level 9. HP: 67/78 MP: 8/8
  4912 | D:6      | 4912 ||| Stepping ~*~*~tactically~*~*~ (stealth).
  4913 | D:6      | 4913 ||| Stepping ~*~*~tactically~*~*~ (stealth).
  4914 | D:6      | 4914 ||| Stepping ~*~*~tactically~*~*~ (stealth).
  5012 | D:6      | 5012 ||| UPGRADING to +4 ring of evasion.
  5062 | D:7      | Identified the +6 quarterstaff "Hydra's Curse" {freeze,
                  | rN+}
  5075 | D:7      | 5075 ||| READING scroll of enchant armour.
  5075 | D:7      | 5075 ||| ENCHANTING +2 plate armour.
  5086 | D:7      | 5086 ||| Stepping ~*~*~tactically~*~*~ (hiding).
  5097 | D:7      | Reached skill level 13 in Axes
  5099 | D:7      | 5099 ||| FLEEEEING.
  5100 | D:7      | 5100 ||| FLEEEEING.
  5133 | D:7      | 5133 ||| DROPPING +0 flail.
  5145 | D:7      | Found a staircase to the Ecumenical Temple.
  5146 | D:7      | 5146 ||| PLANNING TEMPLE
  5146 | D:7      | 5146 ||| Stepping ~*~*~tactically~*~*~ (hiding).
  5152 | D:7      | Reached skill level 6 in Armour
  5252 | D:7      | 5252 ||| READING 2 scrolls of identify.
  5252 | D:7      | 5252 ||| IDENTIFYING bubbling purple potion
  5259 | Temple   | Entered the Ecumenical Temple
  5433 | Temple   | Became a worshipper of Ru the Awakened
  5438 | Temple   | 5438 ||| PLANNING D:1-11
  5487 | D:7      | 5487 ||| READING scroll of enchant weapon.
  5487 | D:7      | 5487 ||| ENCHANTING +2 spectral war axe.
  5540 | D:7      | Noticed an oklob plant
  5553 | D:7      | 5553 ||| READING scroll of enchant armour.
  5553 | D:7      | 5553 ||| ENCHANTING +3 plate armour.
  5564 | D:7      | Noticed a troll
  5571 | D:7      | Noticed a two-headed ogre
  5576 | D:7      | Found a transporter.
  5577 | D:7      | Noticed an oklob plant
  5583 | D:7      | Noticed qw's ghost (novice FoCA)
  5588 | D:7      | Found a transporter.
  5709 | D:7      | 5709 ||| READING scroll of enchant armour.
  5709 | D:7      | 5709 ||| ENCHANTING +4 plate armour.
  5841 | D:8      | Noticed a cyclops
  5844 | D:8      | Killed a cyclops
  5859 | D:8      | Noticed Maggie
  5869 | D:8      | Killed Maggie
  5964 | D:8      | Reached XP level 10. HP: 59/90 MP: 9/9
  6101 | D:8      | Identified the +0 ring mail of Omission {rC- Will+ rCorr
                  | Int+7}
  6148 | D:8      | 6148 ||| Stepping ~*~*~tactically~*~*~ (stealth).
  6159 | D:8      | 6159 ||| FLEEEEING.
  6160 | D:8      | 6160 ||| FLEEEEING.
  6161 | D:8      | 6161 ||| FLEEEEING.
  6162 | D:8      | 6162 ||| FLEEEEING.
  6163 | D:8      | 6163 ||| FLEEEEING.
  6164 | D:8      | 6164 ||| FLEEEEING.
  6165 | D:8      | 6165 ||| FLEEEEING.
  6166 | D:8      | 6166 ||| FLEEEEING.
  6167 | D:8      | 6167 ||| FLEEEEING.
  6168 | D:8      | 6168 ||| FLEEEEING.
  6169 | D:8      | 6169 ||| FLEEEEING.
  6170 | D:8      | 6170 ||| FLEEEEING.
  6172 | D:8      | 6172 ||| FLEEEEING.
  6173 | D:8      | 6173 ||| FLEEEEING.
  6174 | D:8      | 6174 ||| FLEEEEING.
  6175 | D:8      | 6175 ||| FLEEEEING.
  6176 | D:8      | 6176 ||| FLEEEEING.
  6177 | D:8      | 6177 ||| FLEEEEING.
  6178 | D:8      | 6178 ||| FLEEEEING.
  6179 | D:8      | 6179 ||| FLEEEEING.
  6180 | D:8      | 6180 ||| FLEEEEING.
  6181 | D:8      | 6181 ||| FLEEEEING.
  6182 | D:8      | 6182 ||| FLEEEEING.
  6183 | D:8      | 6183 ||| FLEEEEING.
  6184 | D:8      | 6184 ||| FLEEEEING.
  6185 | D:8      | 6185 ||| FLEEEEING.
  6186 | D:8      | 6186 ||| FLEEEEING.
  6187 | D:8      | 6187 ||| FLEEEEING.
  6188 | D:8      | 6188 ||| FLEEEEING.
  6191 | D:8      | 6191 ||| FLEEEEING.
  6192 | D:8      | 6192 ||| FLEEEEING.
  6193 | D:8      | 6193 ||| FLEEEEING.
  6194 | D:8      | 6194 ||| FLEEEEING.
  6201 | D:8      | 6201 ||| FLEEEEING.
  6203 | D:8      | 6203 ||| FLEEEEING.
  6204 | D:8      | 6204 ||| FLEEEEING.
  6205 | D:8      | 6205 ||| FLEEEEING.
  6213 | D:8      | 6213 ||| STAIRDANCE
  6325 | D:7      | 6325 ||| UPGRADING to +1 cloak of preservation.
  6330 | D:7      | 6330 ||| UPGRADING to +1 hat.
  6335 | D:7      | 6335 ||| READING scroll labelled GUREKA GUUTAM.
  6336 | D:7      | 6336 ||| READING scroll labelled DUKERPHEMPU.
  6580 | D:8      | 6580 ||| Stepping ~*~*~tactically~*~*~ (stealth).
  6582 | D:8      | 6582 ||| Stepping ~*~*~tactically~*~*~ (hiding).
  6583 | D:8      | 6583 ||| Stepping ~*~*~tactically~*~*~ (hiding).
  6714 | D:8      | Reached skill level 14 in Axes
  6737 | D:8      | 6737 ||| Stepping ~*~*~tactically~*~*~ (stealth).
  6742 | D:8      | 6742 ||| Stepping ~*~*~tactically~*~*~ (stealth).
  6743 | D:8      | 6743 ||| Stepping ~*~*~tactically~*~*~ (stealth).
  6851 | D:8      | 6851 ||| UPGRADING to scarf of repulsion.
  6861 | D:8      | 6861 ||| READING 2 scrolls of identify.
  6861 | D:8      | 6861 ||| IDENTIFYING red potion
  6862 | D:8      | 6862 ||| DROPPING potion of ambrosia.
  6908 | D:9      | 6908 ||| Stepping ~*~*~tactically~*~*~ (hiding).
  6923 | D:9      | 6923 ||| Stepping ~*~*~tactically~*~*~ (stealth).
  6953 | D:9      | 6953 ||| FLEEEEING.
  6993 | D:9      | 6993 ||| INVOKING Sacrifice Artifice.
  6993 | D:9      | Gained mutation: You cannot study or use magical devices.
                  | [Ru sacrifice]
  6993 | D:9      | Reached * piety under Ru
  6993 | D:9      | Reached ** piety under Ru
  7002 | D:9      | 7002 ||| Stepping ~*~*~tactically~*~*~ (stealth).
  7064 | D:9      | 7064 ||| Stepping ~*~*~tactically~*~*~ (stealth).
  7068 | D:9      | Reached skill level 15 in Axes
  7101 | D:9      | 7101 ||| Stepping ~*~*~tactically~*~*~ (stealth).
  7103 | D:9      | 7103 ||| Stepping ~*~*~tactically~*~*~ (stealth).
  7107 | D:9      | 7107 ||| Stepping ~*~*~tactically~*~*~ (stealth).
  7114 | D:9      | Reached skill level 9 in Fighting
  7169 | D:9      | 7169 ||| Stepping ~*~*~tactically~*~*~ (stealth).
  7189 | D:9      | 7189 ||| FLEEEEING.
  7192 | D:9      | 7192 ||| FLEEEEING.
  7193 | D:9      | 7193 ||| FLEEEEING.
  7194 | D:9      | 7194 ||| FLEEEEING.
  7195 | D:9      | 7195 ||| FLEEEEING.
  7198 | D:9      | 7198 ||| FLEEEEING.
  7199 | D:9      | 7199 ||| FLEEEEING.
  7200 | D:9      | 7200 ||| FLEEEEING.
  7201 | D:9      | 7201 ||| FLEEEEING.
  7202 | D:9      | 7202 ||| FLEEEEING.
  7203 | D:9      | 7203 ||| FLEEEEING.
  7205 | D:9      | 7205 ||| FLEEEEING.
  7206 | D:9      | 7206 ||| FLEEEEING.
  7207 | D:9      | 7207 ||| FLEEEEING.
  7208 | D:9      | 7208 ||| FLEEEEING.
  7209 | D:9      | 7209 ||| FLEEEEING.
  7210 | D:9      | 7210 ||| FLEEEEING.
  7211 | D:9      | 7211 ||| FLEEEEING.
  7260 | D:9      | Noticed a tengu warrior
  7261 | D:9      | 7261 ||| Stepping ~*~*~tactically~*~*~ (hiding).
  7262 | D:9      | 7262 ||| Stepping ~*~*~tactically~*~*~ (hiding).
  7280 | D:9      | Killed a tengu warrior
  7286 | D:9      | HP: 7/91 [tengu conjurer/bolt of lightning (23)]
  7287 | D:9      | 7287 ||| READING 4 scrolls of teleportation.
  7645 | D:9      | Found a staircase to the Lair.
  7656 | D:9      | Noticed Psyche
  7657 | D:9      | 7657 ||| Stepping ~*~*~tactically~*~*~ (stealth).
  7658 | D:9      | 7658 ||| Stepping ~*~*~tactically~*~*~ (stealth).
  7664 | D:9      | Killed Psyche
  7666 | D:9      | 7666 ||| Stepping ~*~*~tactically~*~*~ (hiding).
  7671 | D:9      | 7671 ||| Stepping ~*~*~tactically~*~*~ (stealth).
  7970 | D:9      | 7970 ||| Stepping ~*~*~tactically~*~*~ (hiding).
  7977 | D:9      | 7977 ||| Stepping ~*~*~tactically~*~*~ (hiding).
  8179 | D:9      | Found a staircase to the Orcish Mines.
  8202 | D:9      | 8202 ||| Stepping ~*~*~tactically~*~*~ (stealth).
  8291 | D:9      | 8291 ||| Stepping ~*~*~tactically~*~*~ (stealth).
  8293 | D:9      | 8293 ||| Stepping ~*~*~tactically~*~*~ (hiding).
  8300 | D:9      | Reached skill level 16 in Axes
  8300 | D:9      | 8300 ||| Stepping ~*~*~tactically~*~*~ (hiding).
  8362 | D:9      | 8362 ||| UPGRADING to +0 kite shield.
  8372 | D:9      | 8372 ||| DROPPING +0 buckler.
  8373 | D:9      | 8373 ||| READING 2 scrolls of identify.
  8373 | D:9      | 8373 ||| IDENTIFYING lumpy pink potion
  8374 | D:9      | 8374 ||| DROPPING potion of berserk rage.
  8418 | D:10     | Entered Level 10 of the Dungeon
  8465 | D:10     | Reached XP level 11. HP: 97/97 MP: 10/10
  8687 | D:10     | Reached skill level 6 in Shields
  8715 | D:10     | Found a blossoming altar of Fedhas.
  8756 | D:10     | Found Odeplij's Assorted Antiques.
  8762 | D:10     | 8762 ||| Stepping ~*~*~tactically~*~*~ (stealth).
  8766 | D:10     | 8766 ||| Stepping ~*~*~tactically~*~*~ (stealth).
  8783 | D:10     | 8783 ||| FLEEEEING.
  8784 | D:10     | 8784 ||| FLEEEEING.
  8785 | D:10     | 8785 ||| FLEEEEING.
  8786 | D:10     | 8786 ||| FLEEEEING.
  8787 | D:10     | 8787 ||| FLEEEEING.
  8788 | D:10     | 8788 ||| FLEEEEING.
  8789 | D:10     | 8789 ||| FLEEEEING.
  8790 | D:10     | 8790 ||| FLEEEEING.
  8791 | D:10     | 8791 ||| FLEEEEING.
  8792 | D:10     | 8792 ||| FLEEEEING.
  8793 | D:10     | 8793 ||| FLEEEEING.
  8794 | D:10     | 8794 ||| FLEEEEING.
  8795 | D:10     | 8795 ||| FLEEEEING.
  8796 | D:10     | 8796 ||| FLEEEEING.
  8797 | D:10     | 8797 ||| FLEEEEING.
  8798 | D:10     | 8798 ||| FLEEEEING.
  8799 | D:10     | 8799 ||| FLEEEEING.
  8800 | D:10     | 8800 ||| FLEEEEING.
  8801 | D:10     | 8801 ||| FLEEEEING.
  8802 | D:10     | 8802 ||| FLEEEEING.
  8803 | D:10     | 8803 ||| FLEEEEING.
  8804 | D:10     | 8804 ||| FLEEEEING.
  8805 | D:10     | 8805 ||| FLEEEEING.
  8806 | D:10     | 8806 ||| FLEEEEING.
  8807 | D:10     | 8807 ||| FLEEEEING.
  8808 | D:10     | 8808 ||| FLEEEEING.
  8809 | D:10     | 8809 ||| FLEEEEING.
  8810 | D:10     | 8810 ||| FLEEEEING.
  8811 | D:10     | 8811 ||| FLEEEEING.
  8812 | D:10     | 8812 ||| FLEEEEING.
  8813 | D:10     | 8813 ||| FLEEEEING.
  8814 | D:10     | 8814 ||| FLEEEEING.
  8815 | D:10     | 8815 ||| FLEEEEING.
  8816 | D:10     | 8816 ||| FLEEEEING.
  8817 | D:10     | 8817 ||| FLEEEEING.
  8929 | D:10     | Noticed a two-headed ogre
  8934 | D:10     | Killed a two-headed ogre
  8950 | D:10     | Noticed a brown ugly thing
  8954 | D:10     | Killed a brown ugly thing
  9016 | D:10     | 9016 ||| BUYING broad axe (88 gold).
  9016 | D:10     | Bought a broad axe for 88 gold pieces
  9016 | D:10     | 9016 ||| BUYING fizzy dark potion (19 gold).
  9016 | D:10     | Bought a fizzy dark potion for 19 gold pieces
  9016 | D:10     | 9016 ||| BUYING scroll of identify (44 gold).
  9016 | D:10     | Bought a scroll of identify for 44 gold pieces
  9016 | D:10     | 9016 ||| BUYING wooden ring (110 gold).
  9016 | D:10     | Bought a wooden ring for 110 gold pieces
  9016 | D:10     | 9016 ||| SWAPPING to +0 broad axe.
  9017 | D:10     | 9017 ||| DROPPING +3 spectral war axe.
  9033 | D:10     | Identified the +2 ring mail of Free Will {rElec Int+3
                  | Slay+5 Stlth-}
  9060 | D:10     | 9060 ||| Stepping ~*~*~tactically~*~*~ (stealth).
  9064 | D:10     | Reached skill level 9 in Shields
  9125 | D:10     | Noticed a fire dragon
  9125 | D:10     | 9125 ||| Stepping ~*~*~tactically~*~*~ (hiding).
  9139 | D:10     | HP: 23/97 [poisoned by a hornet]
  9139 | D:10     | Killed from afar by a fire dragon

Levels and vault maps discovered:
D:1:      saegor_arrival_simple_d, layout_basic, minmay_pentomino_w2
D:2:      layout_basic, minmay_hedge_maze
D:3:      layout_basic, shapermc_ecumenical_altar_starsandcircs, minivault_14,
          uniq_natasha, uniq_terence
D:4:      layout_gridville, gup_sewer_entry_bowl, kennysheep_small_circle,
          uniq_grinder, uniq_blork_the_orc
D:5:      layout_rooms, mainiacjoe_overflow_brackets, serial_corexii_hall,
          chequers_hall_statues_corner_a, chequers_hall_statues_y,
          corexii_hall_statues_l, corexii_hall_statues_i, grunt_ministairs_14,
          uniq_pikel
D:6:      layout_cave_pools
D:7:      layout_rooms, minmay_temple_entry_proselytizer, nzn_ghost_randoct
D:8:      layout_basic, serial_aquarium, aquarium_bridge_long_separate
          [aquarium_subvault_bridge, aquarium_subvault_wall,
          aquarium_subvault_wall, aquarium_subvault_bridge,
          aquarium_subvault_window, aquarium_subvault_bridge],
          aquarium_window_fake, aquarium_window_1, aquarium_view_2e,
          aquarium_view_2c, uniq_maggie
D:9:      layout_basic, erik_lair_island, orc_0_dummy, serial_ice, serial_ice_c,
          serial_ice_d, serial_ice_h, serial_ice_b, uniq_psyche
D:10:     nzn_winding_woodlands_cross [nzn_winding_woodlands_5x15_twine,
          nzn_winding_woodlands_5x15_sawtooth,
          nzn_winding_woodlands_5x15_zeroes,
          nzn_winding_woodlands_5x15_pathside_ponds,
          nzn_winding_woodlands_15x15_boxy_spiral], layout_loops_ring,
          marbit_many_paths, serial_glass, glass_columns_a, glass_columns_b,
          serial_shops, nicolae_shop_overgrown_old_shop,
          minmay_chambers_of_fives
Temple:   mainiacjoe_temple_big_plus

Skill      XL: |  1  2  3  4  5  6  7  8  9 10 11 |
---------------+----------------------------------+-----
Axes           | 3 4 5 6 7 9 10 12 13 16 | 16.0
Dodging        | 1 2 4 |  4.4
Fighting       | 4 5 6 8 9 |  9.1
Armour         | 4 5 6 7 |  7.3
Throwing       | 1 |  1.0
Shields        | 4 5 9 |  9.3

Action                   |  1- 3 |  4- 6 |  7- 9 | 10-12 || total
-------------------------+-------+-------+-------+-------++-------
Melee: War axe           |    73 |    34 |   106 |   194 ||   407
       Headbutt          |     7 |     5 |    20 |    47 ||    79
       Broad axe         |       |       |       |    19 ||    19
Throw: Boomerang         |     6 |    20 |    58 |    37 ||   121
Invok: Sacrifice Artific |       |       |       |     1 ||     1
  Use: Scroll            |     7 |     6 |     6 |     5 ||    24
       Potion            |     3 |       |     4 |       ||     7
 Stab: Distracted        |       |       |       |     1 ||     1
Armor: Scale mail        |    25 |       |       |       ||    25
       Chain mail        |    12 |     1 |       |       ||    13
       Plate armour      |       |     4 |    30 |    81 ||   115
Dodge: Dodged            |    33 |     3 |    26 |    65 ||   127
       Repelled          |       |       |       |     1 ||     1
Block: Buckler           |    16 |     5 |    11 |    30 ||    62
       Kite shield       |       |       |       |    24 ||    24

Table legend:
 A = Non-vault XP
 B = Vault XP
 C = Vault XP percentage of total XP
 D = Non-vault monster count
 E = Vault monster count
 F = Vault count percentage of total count
                 A         B        C        D         E       F
            +---------+---------+-------+---------+---------+-------
      Total |    8770 |    6537 |  42.7 |     176 |      49 |  21.8
            +---------+---------+-------+---------+---------+-------
        D:1 |      46 |       3 |   6.1 |      27 |       2 |   6.9
        D:2 |       8 |       0 |   0.0 |       4 |       0 |   0.0
        D:3 |      56 |      73 |  56.6 |      11 |       2 |  15.4
        D:4 |     375 |     397 |  51.4 |      24 |      10 |  29.4
        D:5 |     460 |     748 |  61.9 |      11 |       6 |  35.3
        D:6 |    1053 |       0 |   0.0 |      13 |       0 |   0.0
        D:7 |     965 |      41 |   4.1 |      13 |       1 |   7.1
        D:8 |    1523 |     404 |  21.0 |      21 |       1 |   4.5
        D:9 |    2957 |    1806 |  37.9 |      41 |      16 |  28.1
       D:10 |    1327 |    3065 |  69.8 |      11 |      11 |  50.0
            +---------+---------+-------+---------+---------+-------
